 Dungeon Crawl Stone Soup version 0.26-a0-1058-g8dc6ce00ff (webtiles) character file.

Game seed: 3945620328398962795

149003 Morbidden the Grappler (level 16, -10/156 HPs)
             Began as a Troll Transmuter on Dec 13, 2020.
             Was the Champion of Cheibriados.
             Mangled by a nagaraja
             ... wielding a cursed -1 whip
              (13 damage)
             ... on level 2 of the Snake Pit.
             The game lasted 01:09:58 (30833 turns).

Morbidden the Grappler (Troll Transmuter)          Turns: 30833, Time: 01:09:59

Health: -10/156    AC: 21    Str: 37    XL:     16   Next: 95%
Magic:  25/26      EV: 14    Int: 29    God:    Cheibriados [******]
Gold:   3428       SH:  0    Dex: 25    Spells: 6/29 levels left

rFire    + + .     SeeInvis .     - Unarmed
rCold    + + +     Faith    .   (shield currently unavailable)
rNeg     . . .     Spirit   .   H - +1 ice dragon scales
rPois    .         Reflect  .   (helmet restricted)
rElec    +         Harm     .   p - +0 cloak of the Enchanted Forest {rF++} (curse)
rCorr    +         Rampage  .   (gloves unavailable)
Will     +....     Clarity  +   (boots unavailable)
Stlth    +.........             r - amulet of regeneration
HPRegen  1.16/turn              z - +4 ring of protection
MPRegen  0.20/turn              O - +4 ring of slaying

@: lethally poisoned (-10 -> -15), blade hands, resistant, poison vulnerable,
constricted, very slow
A: large, unfitting armour, claws 3, clarity, regeneration 1, screaming 1,
shaggy fur 1, tough skin 3
a: End Transformation, Bend Time, Temporal Distortion, Slouch, Step From Time,
Renounce Religion


You were on level 2 of the Snake Pit.
You worshipped Cheibriados.
Cheibriados was exalted by your worship.
You had blades for hands.
You visited 5 branches of the dungeon, and saw 26 of its levels.
You visited the Abyss 1 time.
You also visited: Sewer and Ice Cave.

You collected 3428 gold pieces.

Inventory:

Hand Weapons
 v - a +4 scimitar of flaming
Missiles
 j - 2 curare-tipped darts (quivered)
 t - 7 large rocks
 J - 2 throwing nets
Armour
 p - the cursed +0 cloak of the Enchanted Forest (worn) {rF++}
   (You found it on level 15 of the Dungeon)

   It greatly protects you from fire.
   It has a curse placed upon it.
 H - +1 ice dragon scales (worn)
 W - the +3 robe of Folly {Archmagi, Will-- Int+5}
   (You acquired it on level 15 of the Dungeon)

   It affects your intelligence (+5).
   It affects your willpower, your defense against some magical effects.
Jewellery
 r - an amulet of regeneration (around neck)
 s - an uncursed ring of ice
 u - an uncursed ring of magical power
 z - a +4 ring of protection (left scythe-like blade)
 C - an uncursed ring of fire
 I - a +6 ring of strength
 N - an uncursed amulet of faith
 O - a +4 ring of slaying (right scythe-like blade)
 R - an uncursed ring of wizardry
 T - an uncursed ring of fire
 Y - a +6 ring of dexterity
Wands
 k - a wand of enslavement (8)
 A - a wand of flame (19)
 Q - a wand of polymorph (23)
 S - a wand of digging (3)
 V - a wand of paralysis (7)
 X - a wand of iceblast (12)
Scrolls
 e - 7 scrolls of remove curse
 f - a scroll of blinking
 g - 2 scrolls of amnesia
 h - 6 scrolls of immolation
 m - a scroll of fog
 n - 7 scrolls of vulnerability
 o - 4 scrolls of magic mapping
 q - a scroll of teleportation
 w - 5 scrolls of enchant armour
 y - 7 scrolls of identify
 U - a scroll of summoning
Potions
 a - 10 potions of curing
 b - 3 potions of brilliance
 c - 7 potions of might
 d - 4 potions of flight
 i - 3 potions of magic {unknown}
 l - 3 potions of heal wounds
 x - 3 potions of degeneration {unknown}
 D - 4 potions of mutation
 E - 2 potions of resistance
 F - 2 potions of experience {unknown}
 G - a potion of cancellation {unknown}
 K - 4 potions of lignification
 P - a potion of invisibility
Miscellaneous
 B - a box of beasts (inert)
 M - a tin of tremorstones (inert)


   Skills:
 * Level 9.1 Fighting
 + Level 0.4 Throwing
 + Level 4.4 Armour
 * Level 9.9 Dodging
 + Level 3.1 Stealth
 + Level 13.9 Unarmed Combat
 + Level 7.4 Spellcasting
 * Level 3.0 Conjurations
 + Level 7.4 Transmutations
 * Level 3.4 Fire Magic
 + Level 6.8 Ice Magic
 + Level 5.3 Poison Magic
 * Level 10.3 Invocations
 + Level 1.7 Evocations


You had 6 spell levels left.
You knew the following spells:

 Your Spells              Type           Power        Failure   Level
a - Blade Hands           Tmut           ######....   50%         5
b - Spider Form           Tmut/Pois      #####.....   21%         3
c - Ice Form              Ice/Tmut       ######..     32%         4
d - Olgreb's Toxic Radia  Pois           #####...     47%         4
e - Fireball              Conj/Fire      ####......   90%         5
z - Wereblood             Tmut           ######..     13%         2

Your spell library contained the following spells:

 Spells                   Type           Power        Failure   Level
 Beastly Appendage        Tmut           ######       11%         1
 Freeze                   Ice            ####         12%         1
 Sting                    Tmut/Pois      ####         13%         1
 Frozen Ramparts          Ice            ######       21%         3
 Ozocubu's Armour         Ice            ######..     21%         3
 Foxfire                  Conj/Fire      ####         24%         1
 Magic Dart               Conj           ####         24%         1
 Ignite Poison            Fire/Tmut/Pois #####...     26%         3
 Poisonous Vapours        Pois/Air       ####..       32%         2
 Conjure Flame            Conj/Fire      ####....     41%         3
 Mephitic Cloud           Conj/Pois/Air  ####....     43%         3
 Animate Skeleton         Necr           ##....       45%         1
 Apportation              Tloc           ##....       45%         1
 Corona                   Hex            ##.....      45%         1
 Summon Small Mammal      Summ           ##..         45%         1
 Hailstorm                Conj/Ice       #####...     52%         4
 Blink                    Tloc           N/A          54%         2
 Call Imp                 Summ           ##......     54%         2
 Slow                     Hex            ##......     54%         2
 Inner Flame              Hex/Fire       ###.....     54%         3
 Summon Ice Beast         Ice/Summ       ####....     67%         4
 Sticky Flame             Conj/Fire      ####....     69%         4
 Animate Dead             Necr           ##........   95%         4
 Borgnjor's Vile Clutch   Necr/Erth      ##........   99%         5
 Death Channel            Necr           ##........   100%        6
 Freezing Cloud           Conj/Ice/Air   ####......   100%        6
 Simulacrum               Ice/Necr       ####......   100%        6


Dungeon Overview and Level Annotations

Branches:
Dungeon (15/15)            Temple (0/1) D:7            Lair (6/6) D:9
 Shoals (1/4) Lair:3        Snake (2/4) Lair:3        Slime (0/5) Lair:5
    Orc (2/2) D:11            Elf (0/3) Orc:2        Vaults (0/5) D:14
 Depths (0/5) D:15          Sewer (visited)           IceCv (visited)

Altars:
Cheibriados
Elyvilon
Kikubaaqudgha
Makhleb
Nemelex Xobeh
Qazlal
Wu Jian
Yredelemnul
Zin
The Shining One
Jiyva

Shops:
D:5 *   D:11 *   D:13 (   Orc:2 *(*}   Snake:2 =

Portals:
Pandemonium: Orc:2

Annotations:
D:5 3 runed translucent doors, rlgrobin's ghost, weakling KoDe
D:10 exclusions: catoblepas and downstairs
Lair:2 exclusion: 4 oklob plants


Innate Abilities, Weirdness & Mutations

You are too large for most types of armour.
You have claws for hands.
Your natural rate of healing is unusually fast.
You are covered in fur. (AC +1)
You have extremely tough skin. (AC +3)
You possess an exceptional clarity of mind.
You occasionally shout uncontrollably at your foes.


Message History

Your larval oxshock beast dies!
Your larval oxshock beast's corpse disappears in a puff of smoke!
The naga sharpshooter shoots a bolt.
The bolt hits you.
* * * LOW HITPOINT WARNING * * *
Unknown command.
You completely miss the naga sharpshooter.
The naga sharpshooter is lightly wounded.
You feel sick.
The nagaraja points at you and mumbles some strange words.
The poison arrow hits you!!
You are more poisoned.
* * * LOW HITPOINT WARNING * * *
The nagaraja constricts you.
Unknown command.
You slice the nagaraja!!
The nagaraja is severely wounded.
* * * LOW HITPOINT WARNING * * *
You feel sick.
The nagaraja hits you with a cursed -1 whip!
You die...

#..##
##.....### ##
#.#.# ##....#
# #...# #...##
. #...# ##..#
.. #...# #...#
... ####...#
#...# ....
.......#
#...#####.....
.#.....#
#....)N.......
####...#
#.(.(@NS......
#...#
#...#####.....
#>..# #...#
... ###.#
#...# . ##
#...# ###
#...## ###.#
#....## #...#
##....## #...#
##....##


You could see a nagaraja, a naga sharpshooter (poisoned) and a shock serpent.

Vanquished Creatures
  Rupert (Lair:3)
  A tentacled starspawn (Abyss:1)
  An orc warlord (Orc:2)
  An ironheart preserver (D:14)
  A stone giant (Orc:2)
  Nessos (Orc:2)
  A deep elf demonologist (Abyss:1)
  2 merfolk impalers (Shoals:1)
  The ghost of Kosam the Unseen, a journeyman SpEn of Dithmenos (D:13)
  A blizzard demon (D:13)
  2 ice dragons (IceCv)
  4 naga warriors
  A boulder beetle (Lair:6)
  6 hydras
  A merfolk avatar (Shoals:1)
  6 catoblepae
  An ogre mage (D:15)
  A death knight (D:13)
  Erica (D:10)
  2 anacondas
  10 two-headed ogres
  5 dancing weapons (D:14)
  A centaur warrior (D:13)
  11 death yaks
  5 shock serpents
  5 orc high priests (Orc:2)
  Sonja (Lair:6)
  A sun demon (Orc:2)
  A soul eater (Orc:2)
  5 skeletal warriors
  2 sea snakes (Shoals:1)
  A wizard (D:15)
  An unseen horror (D:15)
  5 naga ritualists
  2 phantasmal warriors (D:13)
  A lindwurm (shapeshifter) (D:15)
  4 orc knights (Orc:2)
  13 ugly things
  A deep elf mage (D:15)
  9 mana vipers
  8 orc sorcerers
  3 cyclopes
  3 manticores
  5 elephants (Lair:5)
  3 large abominations (Abyss:1)
  3 salamanders (Snake:1)
  2 ice statues (IceCv)
  4 naga magi
  21 black mambas
  4 molten gargoyles (D:11)
  3 orange demons (Abyss:1)
  A merfolk siren (Shoals:1)
  2 smoke demons
  A gargoyle (D:11)
  2 kobold demonologists (D:12)
  20 cane toads
  An efreet (D:14)
  A freezing wraith (Abyss:1)
  7 komodo dragons
  7 rime drakes
  6 hellwings
  An ice devil (D:13)
  4 polar bears
  5 merfolk (Shoals:1)
  5 trolls
  A hornet (D:10)
  13 blink frogs
  4 raiju (Abyss:1)
  A snapping turtle (Shoals:1)
  9 dream sheep (Lair:5)
  8 slime creatures
  3 centaur simulacra
  2 shadows (D:14)
  2 ynoxinuls
  2 wraiths (D:13)
  63 yaks
  3 basilisks
  A neqoxec (Abyss:1)
  3 vampire mosquitoes (D:14)
  22 nagas
  A soldier ant (D:13)
  2 wargs
  2 acid dragons (D:14)
  15 water moccasins
  27 ice beasts
  7 sky beasts
  2 black bears
  A meliai simulacrum (D:13)
  24 orc warriors
  A hornet zombie (D:14)
  9 ogres
  5 phantoms
  6 necrophages (Lair:2)
  21 centaurs
  10 wolves
  5 big kobolds
  14 bullfrogs
  A small abomination (Abyss:1)
  7 scorpions
  16 killer bees
  10 wights
  A howler monkey (D:6)
  An electric eel (Lair:2)
  5 centaur zombies
  A bullfrog zombie (D:12)
  A wyvern simulacrum (D:13)
  3 jellies
  33 orc priests
  6 hounds
  7 centaur skeletons
  Jessica (D:3)
  3 iguanas (D:6)
  16 orc wizards
  8 worker ants
  2 bullfrog simulacra (D:13)
  A hound zombie (D:5)
  A worker ant zombie (D:9)
  A howler monkey skeleton (D:11)
  17 adders
  7 gnolls
  2 river rats (D:6)
  4 white imps
  2 ufetubi (D:5)
  An ooze (D:2)
  2 adder skeletons
  5 worms
  A dart slug (D:3)
  A leopard gecko (D:7)
  83 orcs
  6 giant cockroaches
  9 goblins
  5 hobgoblins
  10 jackals
  5 quokkas
  8 ball pythons
  10 bats
  6 frilled lizards
  35 kobolds
  A leopard gecko skeleton (D:9)
  A quokka zombie (D:9)
  10 rats
887 creatures vanquished.

Vanquished Creatures (collateral kills)
  A hydra (Lair:1)
  A death yak (Lair:3)
  A naga ritualist (Snake:2)
  A dream sheep (Lair:5)
  2 yaks (Lair:5)
  An orc wizard (Orc:2)
  2 orcs
9 creatures vanquished.

Vanquished Creatures (others)
  A rime drake (D:13)
  An orc priest (D:4)
  An orc wizard (D:11)
  2 orcs
  2 bushes (Lair:5)
  47 fungi
  86 plants
  4 starspawn tentacles (Abyss:1)
144 creatures vanquished.

Grand Total: 1040 creatures vanquished

Notes
Turn   | Place    | Note
-------+----------+-------------------------------------------
     0 | D:1      | Morbidden the Troll Transmuter began the quest for the Orb.
     0 | D:1      | Reached XP level 1. HP: 18/18 MP: 1/1
   201 | D:1      | Found a snail-covered altar of Cheibriados.
   285 | D:1      | Became a worshipper of Cheibriados the Contemplative
   509 | D:1      | Reached skill level 1 in Fighting
   509 | D:1      | Reached XP level 2. HP: 25/27 MP: 3/3
   984 | D:2      | Reached XP level 3. HP: 28/33 MP: 1/4
  1233 | D:2      | Learned a level 3 spell: Spider Form
  1246 | D:2      | Reached * piety under Cheibriados
  1303 | D:2      | Found a glowing silver altar of Zin.
  1348 | D:2      | Found a burning altar of Makhleb.
  1364 | D:2      | Reached XP level 4. HP: 41/41 MP: 5/5
  1679 | D:2      | Found an ancient bone altar of Kikubaaqudgha.
  1699 | D:2      | Reached skill level 1 in Invocations
  2339 | D:3      | Reached ** piety under Cheibriados
  2445 | D:3      | Reached XP level 5. HP: 44/48 MP: 4/6
  2475 | D:3      | Found a sparkling altar of Nemelex Xobeh.
  2508 | D:3      | Noticed Jessica
  2510 | D:3      | Reached skill level 4 in Unarmed Combat
  2514 | D:3      | Killed Jessica
  2794 | D:4      | Found a stormy altar of Qazlal.
  2922 | D:4      | Reached XP level 6. HP: 35/57 MP: 6/8
  3114 | D:4      | Reached skill level 1 in Poison Magic
  3243 | D:5      | Entered Level 5 of the Dungeon
  3281 | D:5      | Reached *** piety under Cheibriados
  3395 | D:5      | Found a runed translucent gate.
  3395 | D:5      | Found a runed translucent gate.
  3395 | D:5      | Found a runed translucent gate.
  3395 | D:5      | Noticed rlgrobin's ghost (weakling KoDe)
  3396 | D:5      | Noticed a sky beast
  3437 | D:5      | Found Gihas's General Store.
  3451 | D:5      | Reached XP level 7. HP: 65/65 MP: 9/9
  3508 | D:5      | Reached skill level 5 in Unarmed Combat
  4301 | D:6      | Reached XP level 8. HP: 43/74 MP: 10/10
  4316 | D:6      | Reached **** piety under Cheibriados
  4336 | D:6      | Found a glowing drain.
  4349 | Sewer    | Entered a sewer
  4816 | D:6      | Reached ***** piety under Cheibriados
  4817 | D:6      | Reached skill level 1 in Stealth
  5103 | D:6      | Reached skill level 6 in Unarmed Combat
  5230 | D:6      | Learned a level 4 spell: Ice Form
  5233 | D:6      | Learned a level 2 spell: Wereblood
  5630 | D:7      | Found a staircase to the Ecumenical Temple.
  5637 | D:7      | Reached XP level 9. HP: 83/83 MP: 12/12
  5760 | D:7      | Reached skill level 1 in Ice Magic
  5895 | D:7      | Found a glowing golden altar of the Shining One.
  5897 | D:7      | Noticed an angel
  5907 | D:7      | Found a basalt altar of Yredelemnul.
  5911 | D:7      | Noticed a profane servitor
  6903 | D:9      | Found an ornate altar of the Wu Jian Council.
  7037 | D:9      | Reached skill level 7 in Unarmed Combat
  7127 | D:9      | Found a snail-covered altar of Cheibriados.
  7127 | D:9      | Found a white marble altar of Elyvilon.
  7160 | D:9      | Found a staircase to the Lair.
  7175 | D:9      | Reached ****** piety under Cheibriados
  7224 | D:9      | Reached XP level 10. HP: 57/92 MP: 14/14
  7800 | D:10     | Entered Level 10 of the Dungeon
  8107 | D:10     | Noticed Erica
  8118 | D:10     | Killed Erica
  8206 | D:10     | Found a sparkling altar of Nemelex Xobeh.
  8244 | D:10     | Noticed a manticore
  8257 | D:10     | Killed a manticore
  8410 | D:10     | Noticed a catoblepas
  8419 | D:10     | Noticed a two-headed ogre
  8424 | D:10     | Reached skill level 5 in Invocations
  8429 | D:10     | Killed a two-headed ogre
  8430 | D:10     | Reached skill level 8 in Unarmed Combat
  8430 | D:10     | Reached skill level 1 in Evocations
  9358 | D:11     | Noticed a gargoyle
  9810 | D:11     | Noticed a molten gargoyle
  9810 | D:11     | Noticed a molten gargoyle
  9812 | D:11     | Noticed a molten gargoyle
  9876 | Lair:1   | Entered Level 1 of the Lair of Beasts
 10023 | Lair:1   | Reached skill level 5 in Dodging
 10023 | Lair:1   | Reached XP level 11. HP: 85/101 MP: 16/16
 10162 | Lair:1   | Learned a level 4 spell: Olgreb's Toxic Radiance
 10275 | Lair:1   | Noticed an eight-headed hydra
 10534 | Lair:1   | Reached skill level 5 in Fighting
 10780 | Lair:1   | Killed an eight-headed hydra
 11568 | Lair:2   | Found a frozen archway.
 11597 | IceCv    | Entered an ice cave
 11755 | IceCv    | Reached skill level 9 in Unarmed Combat
 11821 | IceCv    | Reached skill level 5 in Transmutations
 11976 | IceCv    | Noticed an ice dragon
 11976 | IceCv    | Noticed an ice dragon
 11988 | IceCv    | Killed an ice dragon
 11994 | IceCv    | Killed an ice dragon
 12413 | Lair:2   | Noticed an eight-headed hydra
 12413 | Lair:2   | Noticed an oklob plant
 12413 | Lair:2   | Noticed an oklob plant
 12413 | Lair:2   | Noticed an oklob plant
 12413 | Lair:2   | Noticed an oklob plant
 12425 | Lair:2   | Reached XP level 12. HP: 113/113 MP: 0/18
 12427 | Lair:2   | Killed an eight-headed hydra
 12759 | Lair:2   | Noticed a catoblepas
 12775 | Lair:2   | Killed a catoblepas
 13367 | Lair:3   | Noticed a death yak
 13367 | Lair:3   | Noticed a death yak
 13367 | Lair:3   | Noticed a death yak
 13367 | Lair:3   | Noticed a death yak
 13370 | Lair:3   | Noticed a death yak
 13380 | Lair:3   | Killed a death yak
 13382 | Lair:3   | Killed a death yak
 13387 | Lair:3   | Killed a death yak
 13388 | Lair:3   | Reached skill level 1 in Armour
 13388 | Lair:3   | Reached skill level 10 in Unarmed Combat
 13390 | Lair:3   | Killed a death yak
 13394 | Lair:3   | Killed a death yak
 13395 | Lair:3   | Reached skill level 5 in Spellcasting
 13703 | Lair:3   | Noticed Rupert
 13709 | Lair:3   | Paralysed by Rupert for 7 turns
 13729 | Lair:3   | HP: 7/171 [Rupert/+4 triple sword of holy wrath (34)]
 13742 | Lair:3   | Killed Rupert
 14087 | Lair:3   | Found a staircase to the Snake Pit.
 14226 | Lair:3   | Found a staircase to the Shoals.
 14238 | Lair:3   | Reached XP level 13. HP: 108/122 MP: 7/19
 14347 | Lair:3   | Reached skill level 5 in Ice Magic
 14559 | Lair:3   | Reached skill level 5 in Poison Magic
 15563 | Lair:4   | You fall into a shaft and drop 2 floors!
 15563 | Lair:6   | Entered Level 6 of the Lair of Beasts
 15611 | Lair:6   | Reached skill level 11 in Unarmed Combat
 16386 | Lair:5   | Found a viscous altar of Jiyva.
 16387 | Lair:5   | Found a staircase to the Slime Pits.
 17347 | Lair:6   | Reached XP level 14. HP: 133/133 MP: 21/21
 17370 | Lair:6   | Noticed Sonja
 17372 | Lair:6   | Cast into level 1 of the Abyss (Sonja)
 17466 | Abyss:1  | Noticed a starcursed mass
 17528 | Abyss:1  | Noticed a Brimstone Fiend
 17558 | Abyss:1  | Noticed a tentacled starspawn
 17877 | Abyss:1  | Noticed a tentacled starspawn
 17885 | Abyss:1  | Killed a tentacled starspawn
 17888 | Abyss:1  | Noticed a starcursed mass
 17890 | Lair:6   | Escaped the Abyss
 17897 | Lair:6   | Killed Sonja
 19199 | Lair:6   | Reached skill level 12 in Unarmed Combat
 20026 | D:11     | Found Jilello's General Store.
 20152 | D:11     | Found a staircase to the Orcish Mines.
 21665 | D:13     | Reached XP level 15. HP: 139/143 MP: 20/23
 21867 | D:13     | Found a runed translucent gate.
 21867 | D:13     | Found a runed translucent gate.
 21867 | D:13     | Found a runed translucent gate.
 22113 | D:13     | Found Fefeidwy's Antique Weapon Shop.
 22433 | D:13     | Noticed Kosam's ghost (journeyman SpEn)
 22683 | D:13     | Killed Kosam's ghost
 23210 | D:14     | Found a gate to the Vaults.
 23603 | D:14     | Found a white marble altar of Elyvilon.
 23618 | D:14     | Found a large runed translucent door.
 23618 | D:14     | Found a large runed translucent door.
 23999 | D:15     | Entered Level 15 of the Dungeon
 24045 | D:15     | Reached skill level 13 in Unarmed Combat
 24749 | D:15     | Identified a scroll of acquirement
 24750 | D:15     | Acquired the +3 robe of Folly {Archmagi, Will-- Int+5}
 24751 | D:15     | Found the +3 robe of Folly {Archmagi, Will-- Int+5}
 24770 | D:15     | Learned a level 5 spell: Blade Hands
 24789 | D:15     | Learned a level 5 spell: Fireball
 24791 | D:15     | Learned a level 1 spell: Sting
 24931 | D:15     | Identified the cursed +0 cloak of the Enchanted Forest
                  | {rF++} (You found it on level 15 of the Dungeon)
 25302 | D:15     | Paralysed by a wizard for 5 turns
 25430 | D:15     | Found a staircase to the Depths.
 25437 | D:15     | Reached skill level 1 in Fire Magic
 25439 | D:15     | Reached skill level 1 in Conjurations
 25688 | D:15     | Found an ancient bone altar of Kikubaaqudgha.
 26032 | Orc:1    | Entered Level 1 of the Orcish Mines
 26083 | Orc:2    | Entered Level 2 of the Orcish Mines
 26083 | Orc:2    | Found a staircase to the Elven Halls.
 26174 | Orc:2    | Noticed Nessos
 26185 | Orc:2    | Killed Nessos
 26186 | Orc:2    | Reached XP level 16. HP: 43/153 MP: 17/25
 26739 | Orc:2    | Found Diedghigg's General Store.
 26890 | Orc:2    | Found Ata Pog's General Store.
 27111 | Orc:2    | Paralysed by an orc sorcerer for 3 turns
 27573 | Orc:2    | Paralysed by an orc sorcerer for 4 turns
 27888 | Orc:2    | Found Diho Wutz's Gadget Emporium.
 27888 | Orc:2    | Found Lon Ashro's Antique Weapon Shoppe.
 27888 | Orc:2    | Found a one-way gate leading to the halls of Pandemonium.
 28345 | Shoals:1 | Entered Level 1 of the Shoals
 28356 | Shoals:1 | Reached skill level 10 in Invocations
 28503 | Snake:1  | Entered Level 1 of the Snake Pit
 30073 | Snake:2  | Found Ipiy's Jewellery Shoppe.
 30564 | Snake:2  | Gained mutation: You possess an exceptional clarity of
                  | mind. [mutagenic glow]
 30572 | Snake:2  | Gained mutation: You are dopey. (Int -2) [mutagenic glow]
 30588 | Snake:2  | Lost mutation: You are dopey. (Int -2) [mutagenic glow]
 30599 | Snake:2  | Gained mutation: You occasionally shout uncontrollably at
                  | your foes. [mutagenic glow]
 30827 | Snake:2  | HP: 4/156 [nagaraja/cursed -1 whip (5)]
 30832 | Snake:2  | HP: 3/156 [nagaraja/poison arrow (35)]
 30833 | Snake:2  | Mangled by a nagaraja

Illustrated notes

Levels and vault maps discovered:
D:1:      sevenhm_arrival_forest_fort_large_2, layout_basic, cheibriados_altar_1
D:2:      layout_basic, kiku_gazebo_pond_becter, zin_treasury,
          old_standard_altar, grunt_ministairs_6
D:3:      layout_rooms, nicolae_overflow_hidden_temple, serial_bayou_lake_a,
          uniq_jessica
D:4:      layout_rooms, lemuel_doored_altar, dk_noncrumbling_4
D:5:      layout_basic, serial_shops, nicolae_shop_behind_doors,
          gammafunk_ghost_split, due_unseen_surprise
D:6:      layout_loops_ring, portal_sewer_entry_e
D:7:      layout_basic, grunt_temple_overflow_holy_war,
          minmay_temple_entry_junction_2, kennysheep_path_1, minmay_checkerbox
D:8:      layout_cave_pools
D:9:      layout_layer_cave, nicolae_overflow_crystal_walls,
          gammafunk_temple_overflow_statue, lair_entry_dummy
D:10:     nzn_motion_control, layout_basic, nemelex_diamond_rough_becter,
          uniq_erica
D:11:     layout_rooms, erik_orc_3, serial_shops, kennysheep_mini, minivault_8
D:12:     layout_grid_maze
D:13:     layout_small_grid, gammafunk_ghost_icy, serial_shops,
          nicolae_shop_overgrown_old_shop
D:14:     doesnt_quadruple_sword, layout_rooms,
          skrybe_vaults_entry_preservation, elyvilon_altar_5
D:15:     grunt_enter_depths_magical_seal, layout_rooms, nrook_uturn,
          minmay_misc_feat_roman, lemuel_centaur_altar
Lair:1:   layout_layer_cave, st_stairs_9, beast_lair_carwin_11
Lair:2:   layout_regular_city, portal_ice_cave_entry_ice_beasts,
          minmay_stone_trees_small, roderic_carrion_pond,
          infiniplex_staircase_pool, minmay_lair_oklob_chamber
Lair:3:   layout_cave_pods, minmay_shoals_entry_centaurs,
          minmay_snake_entry_guardpost_large, grunt_megastairs_5, uniq_rupert
Lair:4:   layout_loops_ring
Lair:5:   layout_regular_city, slime_altar_1, wad_woods_06
Lair:6:   evilmike_catoblepas_cave, layout_loops_ring, lookout_lair_type,
          uniq_sonja
Shoals:1: layout_shoals
Snake:1:  layout_onion_interference, grunt_megastairs_1
Snake:2:  layout_concentric_octagons, serial_shops, shop_coins
Orc:1:    layout_diamond_mine, basic_altar, uniq_urug
Orc:2:    pf_orc_diabolical, layout_caves, uniq_nessos

Skill      XL: |  1  2  3  4  5  6  7  8  9 10 11 12 13 14 15 16 |
---------------+-------------------------------------------------+-----
Fighting       | 1 2 3 4 5 6 7 8 9 |  9.1
Invocations    | 1 2 3 4 5 6 7 8 9 10 | 10.3
Unarmed Combat | 4 5 6 7 8 9 10 11 12 13 | 13.9
Spellcasting   | 2 3 4 5 6 7 |  7.4
Dodging        | 2 3 5 6 7 9 |  9.9
Transmutations | 2 3 4 5 6 7 |  7.4
Poison Magic   | 1 2 3 4 5 |  5.3
Stealth        | 1 2 3 |  3.1
Ice Magic      | 2 4 5 6 |  6.8
Evocations     | 1 |  1.7
Armour         | 1 2 3 4 |  4.4
Fire Magic     | 1 3 |  3.4
Conjurations   | 1 3 |  3.0
Throwing       | |  0.4

Action                   |  1- 3 |  4- 6 |  7- 9 | 10-12 | 13-15 | 16-18 || total
-------------------------+-------+-------+-------+-------+-------+-------++-------
Melee: Unarmed           |    75 |   128 |   294 |   413 |   921 |   367 ||  2198
       Kick              |     6 |    14 |    44 |    27 |   111 |       ||   202
       Headbutt          |     3 |    11 |    17 |    19 |    73 |       ||   123
       Punch             |       |     2 |     8 |    12 |    41 |    24 ||    87
Throw: Dart              |       |       |       |       |     4 |     1 ||     5
       Large rock        |       |       |       |       |    12 |    22 ||    34
 Cast: Beastly Appendage |     5 |    15 |    30 |    15 |    35 |       ||   100
       Spider Form       |       |       |     7 |    14 |    14 |       ||    35
       Wereblood         |       |       |     2 |       |    10 |     1 ||    13
       Ice Form          |       |       |     2 |    12 |    47 |    15 ||    76
       Olgreb's Toxic Ra |       |       |       |     2 |    17 |    12 ||    31
       Fireball          |       |       |       |       |     1 |       ||     1
       Blade Hands       |       |       |       |       |       |    20 ||    20
Invok: Step From Time    |       |       |       |       |     2 |     1 ||     3
       Slouch            |       |       |       |       |     2 |       ||     2
Evoke: Wand              |       |     2 |     2 |    17 |     8 |     3 ||    32
       Box of beasts     |       |       |       |     2 |     5 |     2 ||     9
       Tin of tremorston |       |       |       |       |     4 |     3 ||     7
  Use: Scroll            |       |     2 |     9 |     7 |    16 |     9 ||    43
       Potion            |       |       |       |    11 |     2 |     4 ||    17
 Stab: Sleeping          |     3 |     1 |     7 |     2 |       |       ||    13
       Distracted        |       |       |       |       |     2 |     1 ||     3
       Petrified         |       |       |       |       |     9 |       ||     9
       Petrifying        |       |       |       |       |     1 |       ||     1
Armor: Robe              |    32 |    33 |    54 |    40 |     4 |     4 ||   167
       Skin              |       |       |     3 |   105 |   165 |    37 ||   310
       Ice dragon scales |       |       |       |    38 |   152 |    79 ||   269
Dodge: Dodged            |    47 |    67 |   171 |   367 |   862 |   365 ||  1879

Table legend: (Time is in decaauts)
 A = Elapsed time spent in this place.
 B = Non-inter-level travel time spent in this place.
 C = Inter-level travel time spent in this place.
 D = Time resting spent in this place.
 E = Time spent auto-exploring this place.
 F = Levels seen in this place.
 G = Mean time per level.
                   A        B        C        D        E       F      G
               +--------+--------+--------+--------+--------+-----+--------+
         Total |  45835 |  42764 |   3071 |   6707 |  28763 |  29 | 1580.5 |
       Dungeon |  23870 |  22057 |   1813 |   2910 |  15707 |  15 | 1591.3 |
          Lair |  13397 |  12347 |   1050 |   2154 |   8560 |   6 | 2232.8 |
        Shoals |    183 |    183 |      0 |      0 |     37 |   1 |  183.0 |
     Snake Pit |   3140 |   3112 |     28 |    594 |   1916 |   2 | 1570.0 |
  Orcish Mines |   3007 |   2827 |    180 |    717 |   1518 |   2 | 1503.5 |
         Abyss |    719 |    719 |      0 |    115 |    229 |   1 |  719.0 |
         Sewer |    449 |    449 |      0 |      0 |    313 |   1 |  449.0 |
      Ice Cave |   1067 |   1067 |      0 |    216 |    481 |   1 | 1067.0 |
               +--------+--------+--------+--------+--------+-----+--------+

Top non-repeatable levels by time:
  Lair:1: 2784 daAuts
    D:10: 2755 daAuts
  Lair:3: 2740 daAuts
  Lair:6: 2688 daAuts
   Orc:2: 2538 daAuts
    D:15: 2356 daAuts
     D:9: 2263 daAuts
 Snake:1: 2257 daAuts
    D:13: 2103 daAuts
    D:12: 1924 daAuts
  Lair:5: 1907 daAuts
  Lair:2: 1751 daAuts
     D:2: 1749 daAuts
    D:14: 1685 daAuts
     D:7: 1641 daAuts
